Map: Snowbound Colony

Players

Bobby

  • Race: Zerg Zerg
  • League: Silver
  • Spawn Location: 7:00

RynOr

  • Race: Zerg Zerg
  • League: Gold
  • Spawn Location: 6:00

antialias

  • Race: Zerg Zerg
  • League: Silver
  • Spawn Location: 7:00

Infamous - Winner!

  • Race: Protoss Protoss
  • League: Silver
  • Spawn Location: 1:00

Rouge - Winner!

  • Race: Zerg Zerg
  • Spawn Location: 12:00

CrayonLego - Winner!

  • Race: Protoss Protoss
  • Spawn Location: 1:00

VOD

Have the link to the VOD?

Description

Time

  • Played on: April 4, 2018, 9:17 a.m.
  • Length: 6:22
Show
View Real Time Build Order
Export as new Build Order

Bobby Zerg 

Build Orders: Hatch First 

Get SALT Encoding   

  12  0:02  Drone  
  13  0:11  Drone  
  14  0:25  Overlord  
  14  0:51  Drone x2  
  16  1:08  Hatchery  
  16  1:09  Spawning Pool  
  14  1:13  Extractor  
  14  1:15  Drone  
  15  1:18  Drone  
  15  1:22  Drone  
  16  1:32  Drone  
  17  1:49  Overlord  
  17  1:59  Overlord  
  17  2:03  Queen  
  17  2:08  Zergling x2  
  20  2:21  Zergling x4  
  22  2:24  Metabolic Boost  
  22  2:28  Queen  
  24  2:31  Drone  
  24  2:33  Drone  
  26  2:40  Zergling x2  
  27  2:46  Drone  
  27  2:49  Zergling x2  
  29  3:00  Zergling x2  
  29  3:03  Drone  
  31  3:13  Zergling x8  
  35  3:20  Drone x2  
  35  3:23  Overlord  
  37  3:33  Spore Crawler  
  36  3:37  Drone  
  36  3:39  Spore Crawler  
  36  3:43  Drone x4  
  36  3:47  Spore Crawler  
  39  3:53  Zergling x4  
  40  4:29  Zergling x2  
  40  4:30  Zergling x4  
  34  4:36  Drone  
  34  4:37  Drone x5  
  40  4:40  Spore Crawler  
  40  4:42  Spore Crawler  
  40  4:45  Spore Crawler  
  37  4:50  Lair  
  37  4:51  Spore Crawler  
  36  4:55  Spore Crawler  
  36  4:56  Spore Crawler  
  36  4:58  Zergling x2  
  36  4:59  Zergling x2  
  31  5:02  Zergling x6  
  34  5:34  Hatchery  
  33  5:38  Spine Crawler  
  33  5:40  Spine Crawler  
  33  5:41  Spine Crawler  
  15  5:45  Spore Crawler  
  15  5:46  Drone x3, Spore Crawler  
  15  5:50  Extractor  
Show
View Real Time Build Order
Export as new Build Order

RynOr Zerg 

Build Orders: Pool Only 

Get SALT Encoding   

  12  0:05  Drone  
  13  0:25  Spawning Pool  
  13  0:28  Drone  
  13  0:35  Overlord  
  13  3:14  Extractor  
  13  3:16  Drone x3  
  13  3:18  Extractor, Queen  
  16  4:01  Queen  
  19  4:02  Zergling x2  
  19  4:03  Zergling x4  
Show
View Real Time Build Order
Export as new Build Order

antialias Zerg 

Build Orders: Pool Only 

Get SALT Encoding   

  12  0:02  Drone  
  13  0:15  Drone  
  13  0:18  Overlord  
  14  0:39  Drone  
  14  0:40  Drone x2, Extractor  
  16  0:56  Extractor, Drone  
  16  1:03  Drone  
  17  1:07  Spawning Pool  
  16  1:13  Drone  
  17  1:54  Zergling x2  
  17  1:55  Zergling x4  
  17  1:56  Metabolic Boost  
  17  1:59  Lair  
  20  2:13  Zergling x2  
  21  2:18  Overlord  
  21  2:38  Zergling x2  
  22  2:49  Zergling x4  
  24  2:58  Queen  
  24  3:00  Zergling x2  
  27  3:11  Zergling x2  
  28  3:30  Evolution Chamber  
  27  3:39  Drone x2  
  25  4:11  Baneling Nest  
  25  4:15  Zergling x6  
  27  4:19  Zerg Melee Weapons Level 1  
  27  4:51  Spore Crawler  
  26  4:59  Hydralisk Den  
  25  5:05  Spore Crawler  
  22  5:19  Zergling x2  
Show
View Real Time Build Order
Export as new Build Order

Infamous Protoss - Winner!

Build Orders: 1 Gate Expand 

Get SALT Encoding   

  12  0:03  Probe  
  13  0:15  Probe  
  13  0:20  Pylon  
  14  0:28  Probe  
  15  0:40  Probe (Chrono Boost)  
  16  0:45  Gateway  
  16  0:52  Probe (Chrono Boost)  
  17  0:59  Probe (Chrono Boost)  
  18  1:05  Assimilator  
  18  1:18  Gateway  
  18  1:32  Nexus  
  18  1:38  Probe  
  19  1:49  Cybernetics Core  
  19  1:50  Probe  
  20  1:58  Pylon  
  20  2:12  Assimilator  
  20  2:13  Probe  
  21  2:33  Stalker  
  21  2:34  Stalker  
  25  2:41  Probe  
  26  2:47  Warp Gate  
  26  2:50  Probe  
  27  2:56  Probe  
  28  3:08  Probe  
  28  3:09  Probe  
  30  3:13  Pylon  
  30  3:19  Robotics Facility  
  30  3:34  Probe, Stalker x2 (Chrono Boost)  
  29  4:04  Probe  
  29  4:05  Probe  
  29  4:07  Stalker x2  
  35  4:15  Forge, Observer  
  36  4:36  Observer  
  36  4:37  Probe, Gateway  
  38  4:40  Gateway  
  38  4:46  Pylon  
  38  4:48  Probe (Chrono Boost)  
  38  4:49  Pylon  
  40  4:53  Pylon  
  40  4:54  Probe (Chrono Boost)  
  40  4:55  Assimilator  
  41  5:00  Probe (Chrono Boost)  
  41  5:01  Assimilator  
  41  5:05  Shield Battery  
  41  5:08  Pylon  
  41  5:15  Immortal (Chrono Boost)  
  45  5:40  Gateway  
  45  5:46  Gateway  
  45  5:50  Probe  
  45  5:51  Probe  
  51  5:57  Photon Cannon  
Show
View Real Time Build Order
Export as new Build Order

Rouge Zerg - Winner!

Build Orders: 3 Hatch before Pool 

Get SALT Encoding   

  12  0:40  Hatchery  
  11  1:05  Hatchery  
  10  1:19  Spawning Pool  
  9  1:27  Extractor  
  9  1:28  Drone  
  9  1:42  Drone x2  
  11  1:52  Drone  
  12  1:55  Drone  
  13  2:11  Zergling x2  
  13  2:15  Zergling x2  
  15  2:17  Zergling x4  
  15  2:22  Zergling x2  
  18  2:29  Zergling x2  
  19  2:34  Zergling x2  
  20  2:43  Zergling x4  
  22  2:53  Metabolic Boost  
  22  3:30  Zergling x6  
  22  3:31  Zergling x2  
  22  3:32  Overlord x2  
  26  4:07  Zergling x16  
  33  4:16  Overlord  
  31  4:32  Drone  
  31  4:33  Zergling x4  
  31  4:37  Zergling x4  
  36  4:51  Zergling x6  
  39  5:06  Zergling x2  
  39  5:07  Zergling x6  
  33  5:19  Zergling x6  
  31  5:42  Zergling x12  
Show
View Real Time Build Order
Export as new Build Order

CrayonLego Protoss - Winner!

Build Orders:  

Get SALT Encoding   

  12  0:00  Probe (Chrono Boost)  
  13  0:10  Probe (Chrono Boost)  
  14  0:15  Probe (Chrono Boost)  
  15  0:26  Pylon  
  15  0:46  Probe, Gateway  
  15  0:49  Assimilator  
  16  0:58  Probe  
  16  0:59  Assimilator  
  17  1:11  Probe  
  18  1:48  Probe (Chrono Boost)  
  18  1:49  Cybernetics Core  
  19  1:57  Probe (Chrono Boost)  
  20  2:02  Probe (Chrono Boost)  
  21  2:12  Pylon  
  21  2:20  Probe  
  22  2:24  Pylon  
  22  2:33  Stargate  
  22  2:34  Stargate  
  22  3:08  Pylon x2  
  22  3:10  Pylon  
  22  3:12  Forge  
  22  3:17  Void Ray  
  26  3:23  Void Ray  
  30  3:40  Shield Battery  
  30  3:47  Photon Cannon  
  30  3:49  Photon Cannon  
  30  4:06  Void Ray  
  34  4:36  Void Ray  
  38  4:59  Void Ray  
Tags
 
Add a new tag
Caveats
  • Supply blocks, unpowered buildings, or Contaminate may cause inaccurate times.
  • Supply counts are checked every 10 seconds.